 Dungeon Crawl Stone Soup version 0.22-a0-456-g11ed031 (webtiles) character file.

12075 suicidejoker the Fighter (level 11, -10/76 HPs)
             Began as a Gargoyle Fighter on June 8, 2018.
             Mangled by an enormous slime creature (38 damage)
             ... on level 12 of the Dungeon.
             The game lasted 00:27:00 (11720 turns).

suicidejoker the Fighter (Gargoyle Fighter)        Turns: 11720, Time: 00:27:01

Health: -10/76     AC: 29    Str: 24    XL:     11   Next: 87%
Magic:  20/20      EV:  6    Int:  9    God:
Gold:   838        SH: 16    Dex: 12    Spells: 10/10 levels left

rFire    . . .     SeeInvis .   J - +1 war axe (vamp)
rCold    . . .     Gourm    .   c - +4 shield
rNeg     + + +     Faith    .   j - +2 plate armour of a Thousand Eyes {*Corrode rN+ MP+9 Str+4}
rPois    ∞         Spirit   .   q - +0 helmet
rElec    +         Reflect  .   E - +1 cloak {MR+}
rCorr    .         Harm     .   O - +0 pair of gloves
MR       ++...                  (no boots)
Stlth    ..........             F - amulet of rage
HPRegen  0.22/turn              L - ring of protection from magic
MPRegen  0.17/turn              t - ring of positive energy

@: no status effects
A: negative energy resistance 1, electricity resistance, unbreathing,
petrification resistance, rot immunity, AC +8
a: Evoke Berserk Rage


You were on level 12 of the Dungeon.
You were not hungry.

You visited 2 branches of the dungeon, and saw 13 of its levels.
You also visited: Ossuary.

You collected 838 gold pieces.

Inventory:

Hand Weapons
 a - a +4 long sword
 g - a +6 great sword
 h - a +2 dagger of holy wrath
 n - a +2 quarterstaff of chaos
 r - a +2 morningstar of protection
 w - a +2 rapier of draining
 y - a +0 scythe of flaming
 z - a cursed -3 spear
 B - a +2 great sword
 D - a +0 flail of holy wrath
 H - a +3 morningstar of freezing
 I - a cursed +4 spear of freezing
 J - a +1 vampiric war axe (weapon)
 K - a +6 spear of piercing
 M - a +3 dagger of electrocution
 Q - a +4 flail of holy wrath
Missiles
 b - 4 javelins
 m - 24 tomahawks (quivered)
 C - 4 throwing nets
 G - 2 exploding tomahawks
Armour
 c - a +4 shield (worn)
 j - the +2 plate armour of a Thousand Eyes (worn) {*Corrode rN+ MP+9 Str+4}
   (You found it on level 4 of the Dungeon)

   It affects your strength (+4).
   It protects you from negative energy.
   It affects your magic capacity (+9).
   It may corrode you when you take damage.
 q - a +0 helmet (worn)
 E - a +1 cloak of magic resistance (worn)
 O - a +0 pair of gloves (worn)
Jewellery
 t - a ring of positive energy (right hand)
 F - an amulet of rage (around neck)
 L - a ring of protection from magic (left hand)
 T - an uncursed ring of see invisible
 X - a +3 ring of intelligence
Wands
 l - a wand of iceblast (8)
 p - a wand of disintegration (14)
 P - a wand of enslavement (24)
 S - a wand of flame (49)
Scrolls
 e - 21 scrolls of identify
 i - 2 scrolls of remove curse
 o - 8 scrolls of teleportation
 v - 3 scrolls of blinking
 N - a scroll of fog
 U - 2 scrolls of fear
Potions
 k - 2 potions of flight
 s - a potion of curing
 x - 2 potions of brilliance
 A - a potion of cancellation
 V - 2 potions of lignification
Miscellaneous
 R - a lightning rod (1/4)
Comestibles
 d - 4 chunks of flesh
 f - 21 rations


   Skills:
 * Level 12.0 Fighting
 - Level 7.2 Long Blades
 * Level 6.8 Axes
 + Level 9.0 Armour
 + Level 9.0 Shields


You had 10 spell levels left.
You didn't know any spells.
Your spell library contained the following spells:

 Spells                   Type           Power        Failure   Level  Hunger
 Confuse                  Hex            #.......     100%        3    ####...
 Mephitic Cloud           Conj/Pois/Air  #.......     100%        3    ####...
 Tukima's Dance           Hex            #.......     100%        3    ####...
 Ensorcelled Hibernation  Hex/Ice        #.....       100%        2    ###....
 Static Discharge         Conj/Air       #.......     100%        3    ####...
 Corona                   Hex            #......      100%        1    ##.....
 Passage of Golubria      Tloc           N/A          100%        4    #####..
 Shroud of Golubria       Chrm/Tloc      #.........   100%        2    ###....
 Dazzling Spray           Conj/Hex       #.....       100%        3    ####...
 Summon Forest            Summ/Tloc      #.........   100%        5    ######.
 Gell's Gravitas          Tloc           #.........   100%        3    ####...


Dungeon Overview and Level Annotations

Branches:
Dungeon (12/15)            Temple (0/1) D:6            Lair (1/6) D:8
    Orc (0/2) D:10

Altars:
Cheibriados
Elyvilon
Fedhas
Hepliaklqana
Kikubaaqudgha
Nemelex Xobeh
Okawaru
Wu Jian
Xom
Zin
The Shining One
Beogh

Annotations:
D:11 ShadedKnight's ghost, journeyman MiWn


Innate Abilities, Weirdness & Mutations

You are resistant to torment.
Your stone body is resilient. (AC +8)
You are immune to poison.
You resist negative energy. (rN+)
You are resistant to electric shocks. (rElec)
You can survive without breathing.
You are immune to petrification.
You are immune to rotting.


Message History

You are too injured to fight recklessly!
You are too injured to fight recklessly!
You are too injured to fight recklessly!
You are too injured to fight recklessly!
You feel better.
The enormous slime creature closely misses you.
Evoke which item? (* to show all) (? for menu, Esc to quit)
Aiming: Disintegrate
Press: ? - help, Shift-Dir - straight line, f - enormous slime creature
Aim: an enormous slime creature (heavily wounded, chance to defeat MR: 48%)
The enormous slime creature resists with some effort.
The enormous slime creature closely misses you.
Evoke which item? (* to show all) (? for menu, Esc to quit)
Aiming: Disintegrate
Press: ? - help, Shift-Dir - straight line, f/p - enormous slime creature
Aim: an enormous slime creature (heavily wounded, chance to defeat MR: 48%)
The enormous slime creature resists with some effort.
The enormous slime creature hits you!!!
Ouch! That really hurt!
You die...

.#. #. . . .
.. .. .#.
#.#o.#. ...
.....#. #.#
.>..... #.#
......{ #.#
.....o{##.####
.....o{J@....#
......o#####.#
....... #....#
....... #.####
....... #.#
.###### #.#
#.# #.# #.#


You could see an enormous slime creature and 3 orcs.

Vanquished Creatures
  A two-headed ogre (D:11)
  A wolf spider zombie (D:12)
  Joseph (D:7)
  2 centaur skeletons
  A komodo dragon (D:8)
  A troll (D:12)
  3 hippogriffs
  Sigmund (D:5)
  A wraith (D:12)
  A wyvern (D:11)
  Grum (D:8)
  9 yaks (D:12)
  Eustachio (D:5)
  A basilisk (D:8)
  An acid dragon (D:8)
  The ghost of richr the Gusty, an amateur TeAE (D:3)
  A water moccasin (D:10)
  4 orc warriors
  4 sky beasts
  A black bear (D:12)
  An eye of draining (D:12)
  5 ice beasts
  5 ogres
  2 phantoms
  2 wolves (D:8)
  A necrophage (D:10)
  2 centaurs
  4 crocodiles
  A gnoll sergeant (D:8)
  7 bullfrogs
  A wyvern zombie (D:7)
  2 scorpions
  4 killer bees (D:7)
  11 wights
  5 howler monkeys
  5 bullfrog zombies
  9 crimson imps
  5 centaur zombies
  3 hounds
  4 orc priests
  7 orc wizards
  2 bullfrog skeletons
  3 jellies
  Crazy Yiuf (D:5)
  An iguana (D:4)
  6 worker ants
  A killer bee zombie (Ossuary)
  5 hound zombies
  13 mummies (Ossuary)
  2 worker ant zombies (Ossuary)
  Robin (D:3)
  A howler monkey zombie (Ossuary)
  11 adders
  21 gnolls
  A shadow imp (D:5)
  4 adder skeletons
  A worm (D:2)
  3 dart slugs
  3 leopard geckos
  61 orcs
  A ball python (D:7)
  4 bats
  3 giant cockroaches
  12 goblins
  9 hobgoblins
  2 jackals (D:11)
  3 quokkas
  7 frilled lizards
  A jackal skeleton (D:5)
  3 jackal zombies
  7 kobolds
  3 quokka zombies (Ossuary)
  8 rats
327 creatures vanquished.

Vanquished Creatures (others)
  5 withered plants (Ossuary)
5 creatures vanquished.

Grand Total: 332 creatures vanquished

Notes
Turn   | Place    | Note
-------+----------+-------------------------------------------
     0 | D:1      | suicidejoker the Gargoyle Fighter began the quest for the Orb.
     0 | D:1      | Reached XP level 1. HP: 14/14 MP: 1/1
   238 | D:1      | Reached XP level 2. HP: 14/19 MP: 2/2
   966 | D:2      | Reached XP level 3. HP: 19/24 MP: 3/3
  1265 | D:2      | Reached skill level 4 in Fighting
  1265 | D:2      | Reached XP level 4. HP: 22/29 MP: 4/4
  1646 | D:3      | Noticed richr's ghost (amateur TeAE)
  1770 | D:3      | Killed richr's ghost
  1770 | D:3      | Reached XP level 5. HP: 30/34 MP: 5/5
  1927 | D:3      | Reached XP level 6. HP: 17/40 MP: 6/6
  2116 | D:3      | Noticed Robin
  2147 | D:3      | Reached skill level 5 in Fighting
  2159 | D:3      | Killed Robin
  2572 | D:4      | Found a sand-covered staircase.
  2581 | Ossuary  | Entered an ossuary
  2594 | Ossuary  | Reached XP level 7. HP: 34/44 MP: 7/7
  3010 | Ossuary  | Reached skill level 6 in Fighting
  3151 | Ossuary  | Reached skill level 5 in Shields
  3171 | Ossuary  | Reached skill level 5 in Armour
  3179 | Ossuary  | Reached XP level 8. HP: 42/52 MP: 8/8
  3196 | Ossuary  | Reached skill level 5 in Long Blades
  3646 | D:4      | Noticed a hippogriff
  3657 | D:4      | Killed a hippogriff
  3657 | D:4      | Reached skill level 7 in Fighting
  3809 | D:4      | Got a twisted plate armour
  3834 | D:4      | Identified the +2 plate armour of a Thousand Eyes {*Corrode rN+ MP+9 Str+4} (You found it on level 4 of the Dungeon)
  4684 | D:5      | Entered Level 5 of the Dungeon
  4745 | D:5      | Noticed Eustachio
  4778 | D:5      | Killed Eustachio
  4778 | D:5      | Reached XP level 9. HP: 57/58 MP: 9/9
  4888 | D:5      | Found a runed door.
  4941 | D:5      | Reached skill level 8 in Fighting
  4955 | D:5      | Noticed Sigmund
  4961 | D:5      | Killed Sigmund
  5152 | D:5      | Found a hazy altar of Hepliaklqana.
  5191 | D:5      | Found an ancient bone altar of Kikubaaqudgha.
  5191 | D:5      | Found a shimmering altar of Xom.
  5191 | D:5      | Found a snail-covered altar of Cheibriados.
  5192 | D:5      | Found a blossoming altar of Fedhas.
  5195 | D:5      | Found a glowing golden altar of the Shining One.
  5196 | D:5      | Found a white marble altar of Elyvilon.
  5477 | D:5      | Noticed Crazy Yiuf
  5484 | D:5      | Killed Crazy Yiuf
  5610 | D:6      | Found a staircase to the Ecumenical Temple.
  5915 | D:6      | Reached skill level 9 in Fighting
  6513 | D:7      | Noticed Joseph
  6525 | D:7      | Killed Joseph
  6525 | D:7      | Reached skill level 1 in Axes
  6525 | D:7      | Reached XP level 10. HP: 66/66 MP: 10/10
  6718 | D:7      | Found an ornate altar of the Wu Jian Council.
  6785 | D:7      | Reached skill level 10 in Fighting
  7153 | D:8      | Found an iron altar of Okawaru.
  7198 | D:8      | Found an iron altar of Okawaru.
  7283 | D:8      | Noticed Grum
  7320 | D:8      | Killed Grum
  7428 | D:8      | Found a glowing silver altar of Zin.
  7936 | D:8      | Found a staircase to the Lair.
  8381 | D:8      | Reached XP level 11. HP: 73/73 MP: 11/11
  8726 | Lair:1   | Entered Level 1 of the Lair of Beasts
  9079 | D:9      | Identified the Reference Book on Orientation and Weightlessness
  9124 | D:9      | Found a sparkling altar of Nemelex Xobeh.
  9639 | D:10     | Entered Level 10 of the Dungeon
  9647 | D:10     | Reached skill level 5 in Axes
  9653 | D:10     | Reached skill level 11 in Fighting
  9799 | D:10     | Found a staircase to the Orcish Mines.
  9959 | D:10     | Found a roughly hewn altar of Beogh.
 10247 | D:11     | Noticed a two-headed ogre
 10263 | D:11     | Killed a two-headed ogre
 10311 | D:11     | Noticed ShadedKnight's ghost (journeyman MiWn)
 11677 | D:12     | Reached skill level 12 in Fighting
 11720 | D:12     | Mangled by an enormous slime creature

Vault maps used:
D:1:      erik_arrival_triangle_large
D:3:      first_ration, kennysheep_generic_room_2, uniq_robin
D:4:      portal_sewer_entry_d, nicolae_ossuary_entry_monument,
          kennysheep_opposing_triangles
D:5:      minitemple, kennysheep_mini, uniq_sigmund, uniq_crazy_yiuf_cottage,
          uniq_eustachio
D:6:      minmay_temple_entry_statues_pillars
D:7:      overflow_temple_1_default, uniq_joseph
D:8:      okawaru_ov_weapons_minmay, overflow_temple_1_default,
          erik_lair_dragon, special_room, basic_altar, uniq_grum
D:9:      basic_altar
D:10:     minmay_orc_entry_temple_small
D:12:     basic_altar, blue_anna_alchemist
Lair:1:   st_stairs_12, uniq_gastronok, uniq_harold
Ossuary:  ossuary_zaba_flooded

Skill      XL: |  1  2  3  4  5  6  7  8  9 10 11 |
---------------+----------------------------------+-----
Long Blades    | 2 3 4 6 7 |  7.2
Fighting       | 4 5 6 7 9 10 12 | 12.0
Armour         | 4 5 7 8 9 |  9.0
Shields        | 4 5 7 8 9 |  9.0
Axes           | 1 4 6 |  6.8

Action                   |  1- 3 |  4- 6 |  7- 9 | 10-12 || total
-------------------------+-------+-------+-------+-------++-------
Melee: Long sword        |    79 |   151 |   456 |       ||   686
       War axe           |       |       |    20 |   775 ||   795
Evoke: Wand              |       |       |       |     7 ||     7
       Lightning rod     |       |       |       |     4 ||     4
  Use: Potion            |       |     3 |     5 |    15 ||    23
       Scroll            |       |    10 |     7 |     7 ||    24
 Stab: Invisible         |       |       |       |     2 ||     2
  Eat: Chunk             |     1 |     4 |    10 |     8 ||    23
       Ration            |       |       |     3 |     4 ||     7
Armor: Scale mail        |    44 |    92 |    63 |       ||   199
       Plate armour      |       |       |   160 |   444 ||   604
       Skin              |       |       |       |    17 ||    17
Dodge: Dodged            |    13 |    53 |    88 |   166 ||   320
Block: Shield            |    39 |   103 |   286 |   680 ||  1108
       Buckler           |       |       |     1 |       ||     1
       Rpst.: Long sword |     1 |    10 |    33 |       ||    44

Table legend:
 A = Spawn XP
 B = Non-spawn XP
 C = Spawn XP percentage of total XP
 D = Spawn monster count
 E = Non-spawn monster count
 F = Spawn count percentage of total count
 G = Total turns spent on level
                    A         B        C        D         E        F      G
               +---------+---------+-------+---------+---------+-------+---------
         Total |       0 |   17250 |   0.0 |       0 |     327 |   0.0 | 11720
               +---------+---------+-------+---------+---------+-------+---------
           D:1 |       0 |      23 |   0.0 |       0 |      12 |   0.0 |   954
           D:2 |       0 |      85 |   0.0 |       0 |      16 |   0.0 |   773
           D:3 |       0 |     437 |   0.0 |       0 |      38 |   0.0 |   743
           D:4 |       0 |     609 |   0.0 |       0 |      20 |   0.0 |  1178
           D:5 |       0 |    1026 |   0.0 |       0 |      25 |   0.0 |   877
           D:6 |       0 |    1275 |   0.0 |       0 |      35 |   0.0 |   952
           D:7 |       0 |    2264 |   0.0 |       0 |      24 |   0.0 |   773
           D:8 |       0 |    2871 |   0.0 |       0 |      62 |   0.0 |  1492
           D:9 |       0 |     145 |   0.0 |       0 |       4 |   0.0 |   859
          D:10 |       0 |    1937 |   0.0 |       0 |      21 |   0.0 |   807
          D:11 |       0 |    2245 |   0.0 |       0 |      13 |   0.0 |   918
          D:12 |       0 |    3482 |   0.0 |       0 |      25 |   0.0 |   356
       Ossuary |       0 |     851 |   0.0 |       0 |      32 |   0.0 |  1036
               +---------+---------+-------+---------+---------+-------+---------
